 Dungeon Crawl Stone Soup version 0.30.0-29-ga12c61a403 (webtiles) character file.

Game seed: 7293769499249722221

6811 Graphine the Fanfare of Bloodshed (level 10, -9/79 HPs)
             Began as a Demonspawn Monk on June 21, 2023.
             Was a Believer of Makhleb.
             Shot with an arrow by a centaur warrior (16 damage)
             ... on level 9 of the Dungeon.
             The game lasted 00:18:26 (9058 turns).

Graphine the Fanfare of Bloodshed (Demonspawn Monk) Turns: 9058, Time: 00:18:27

Health: -9/79      AC: 14    Str: 11    XL:     10   Next: 77%
Magic:  25/25      EV: 15    Int: 19    God:    Makhleb [**....]
Gold:   499        SH:  6    Dex: 19    Spells: 16/17 levels left

rFire   . . .        c - +5 scimitar
rCold   . . .        H - +0 buckler
rNeg    . . .        z - +0 steam dragon scales
rPois   .            (no helmet)
rElec   .            (no cloak)
rCorr   .            m - +1 pair of gloves
SInv    .            (no boots)
Will    .....        B - amulet of magic regeneration
Stlth   ++           y - ring of magical power
HPRegen 0.33/turn    j - +6 ring of intelligence
MPRegen 0.59/turn

%: no passive effects
@: sanguine armoured
A: hooves 2, ignite blood 1, sanguine armour 1, demonic magic 1
a: Renounce Religion, Minor Destruction


You were on level 9 of the Dungeon.
You worshipped Makhleb.
Makhleb was pleased with you.
You visited 2 branches of the dungeon, and saw 10 of its levels.
You also visited: Sewer.

You collected 499 gold pieces.

Inventory:

Hand Weapons
 c - a +5 scimitar (weapon)
 D - a +4 dagger
 I - a +2 dagger of venom
Missiles
 C - 6 javelins
Armour
 d - an orb of light
 m - a +1 pair of gloves (worn)
 z - +0 steam dragon scales (worn)
 H - a +0 buckler (worn)
Jewellery
 b - a +4 ring of protection
 h - a +6 ring of strength
 i - a ring of protection from cold
 j - a +6 ring of intelligence (right hand)
 o - a ring of protection from cold
 y - a ring of magical power (left hand)
 B - an amulet of magic regeneration (around neck)
 J - a ring of fire
Wands
 w - a wand of charming (11)
 A - a wand of roots (17)
Scrolls
 g - 4 scrolls of teleportation
 l - 3 scrolls of identify
 F - a scroll of vulnerability
 G - a scroll of blinking
 L - a scroll of fog
 N - a scroll of poison
Potions
 e - 3 potions of attraction
 f - 2 potions of degeneration
 k - a potion of flight
 p - 2 potions of haste
 q - 3 potions of invisibility
 r - a potion of brilliance {unknown}
 s - a potion of cancellation {unknown}
 t - 4 potions of resistance
 u - 6 potions of might
 v - a potion of mutation {unknown}
 x - a potion of lignification {unknown}
 E - 2 potions of curing
 M - 3 potions of magic {unknown}


   Skills:
 + Level 7.1 Fighting
 + Level 6.6 Long Blades
 + Level 5.7 Armour
 + Level 6.5 Dodging
 + Level 4.1 Shields
 + Level 4.0 Spellcasting
 + Level 4.5 Conjurations
 + Level 8.1 Invocations


You had 16 spell levels left.
You knew the following spells:

 Your Spells              Type           Power      Damage    Failure   Level
a - Magic Dart            Conj           84%        1d7       3%          1

Your spell library contained the following spells:

 Spells                   Type           Power      Damage    Failure   Level
 Searing Ray              Conj           42%        2d6       4%          2
 Lesser Beckoning         Tloc           6%         N/A       28%         2
 Scorch                   Fire           6%         2d5       28%         2
 Gell's Gravitas          Tloc           3%         N/A       50%         3
 Teleport Other           Tloc           3%         N/A       50%         3
 Flame Wave               Conj/Fire      12%        2d6       58%         4
 Fulminant Prism          Conj/Hex       6%         3d7       58%         4
 Summon Cactus Giant      Summ           1%         N/A       100%        6


Dungeon Overview and Level Annotations

Branches:
Dungeon (9/15)             Temple (1/1) D:4            Lair (0/5) D:9
  Sewer (visited)
    Orc: D:9-12

Altars:
Ashenzari
Cheibriados
Fedhas
Gozag
Hepliaklqana
Kikubaaqudgha
Makhleb
Nemelex Xobeh
Okawaru
Qazlal
Ru
Sif Muna
Trog
Uskayaw
Vehumet
Wu Jian
Xom
Yredelemnul


Innate Abilities, Weirdness & Mutations

You have hoof-like feet.
Your demonic aura sometimes causes spilled blood to erupt in flames.
When seriously injured, your blood forms armour. (AC +6)
Spells you cast may paralyse adjacent enemies.


Message History

You kick the freezing wraith, but do no damage.
The freezing wraith is heavily damaged.
You block the freezing wraith's attack. x2
You hit the freezing wraith but do no damage.
The freezing wraith is heavily damaged.
You block the freezing wraith's attack. x2
You hit the freezing wraith but do no damage.
You kick the freezing wraith, but do no damage.
The freezing wraith is heavily damaged.
You block the freezing wraith's attack.
The freezing wraith hits you but does no damage.
You hit the freezing wraith. You kick the freezing wraith.
The freezing wraith is severely damaged.
You block the freezing wraith's attack.
The freezing wraith completely misses you.
You hit the freezing wraith.
You kick the freezing wraith, but do no damage.
The freezing wraith is severely damaged.
The freezing wraith hits you! The freezing wraith freezes you!!
* * * LOW HITPOINT WARNING * * *
The freezing wraith hits you but does no damage.
Okay, then.
Blink to where?
Press: ? - help, Dir - move target, p - freezing wraith You can't see that place. [a metal wall.]
Okay, then.
You feel better.
The freezing wraith hits you but does no damage.
The freezing wraith barely misses you.
The centaur warrior shoots an arrow.
The arrow hits you!
* * * LOW HITPOINT WARNING * * *
Blink to where?
Press: ? - help, Dir - move target, p - freezing wraith
As you read the scroll of blinking, it crumbles to dust.
There is an open door here.
Things that are here:
a +0 dagger; 7 poisoned darts The centaur warrior shoots an arrow.
The arrow hits you!
You die... .#.......# $c$

.')......# #)## .#.......#
#.W# ##.......#
#.#######..## .#.......+
+.....c).#).+ .#.......#
#.###.##.)### .#.......#
#.....##..#
.#######.###+#####'#####+#
.##....#......).@)........
.##....##....).#.......#.#
.##....##.....##.......#
.##...........#........#
.##...........#........#
.##...........#........#
######'#####+###########
...............
...............


You could see a centaur warrior.

Vanquished Creatures
  3 two-headed ogres (D:9)
  A troll (D:8)
  Prince Ribbit (D:9)
  A hornet (D:8)
  2 wyverns
  5 yaks (D:8)
  A vampire mosquito (D:9)
  A steam dragon (D:7)
  An acid dragon (D:8)
  3 water moccasins
  2 ice beasts
  A sky beast (D:7)
  2 black bears
  3 ogres
  3 centaurs
  3 kobold brigands
  A gnoll sergeant (D:6)
  2 bullfrogs (D:7)
  5 scorpions
  4 wights (D:8)
  6 howler monkeys (D:7)
  2 hounds (D:5)
  2 orc priests
  4 jellies
  A sleepcap (D:7)
  Natasha (thrice) (D:2)
  An iguana (D:6)
  An orc wizard (D:9)
  4 gnolls (D:6)
  9 adders
  7 river rats (Sewer)
  An ufetubus (D:6)
  2 worms
  7 dart slugs
  9 orcs
  11 ball pythons
  6 bats
  14 endoplasms
  6 giant cockroaches
  10 goblins
  9 hobgoblins
  2 jackals (D:1)
  5 quokkas
  7 frilled lizards
  30 kobolds
  32 rats
  A spectral goblin (D:3)
237 creatures vanquished.

Notes
Turn   | Place    | Note
-------+----------+-------------------------------------------
     0 | D:1      | Graphine the Demonspawn Monk began the quest for the Orb.
     0 | D:1      | Reached XP level 1. HP: 18/18 MP: 1/1
   164 | D:1      | Gained mutation: Your demonic aura sometimes causes spilled
                  | blood to erupt in flames. [demonic ancestry]
   164 | D:1      | Reached XP level 2. HP: 24/24 MP: 2/2
   376 | D:1      | Reached skill level 1 in Invocations
   441 | D:1      | Gained mutation: When seriously injured, your blood forms
                  | armour. (AC +6) [demonic ancestry]
   441 | D:1      | Reached XP level 3. HP: 28/29 MP: 2/4
   935 | D:2      | You fall into a shaft and drop 2 floors!
  1025 | D:4      | Noticed a black bear
  1034 | D:4      | Killed a black bear
  1035 | D:4      | Reached skill level 1 in Armour
  1035 | D:4      | Reached skill level 2 in Invocations
  1035 | D:4      | Gained mutation: You have large cloven feet. [demonic
                  | ancestry]
  1035 | D:4      | Reached XP level 4. HP: 29/37 MP: 5/5
  1035 | D:4      | Reached XP level 5. HP: 33/42 MP: 6/6
  1163 | D:3      | Found a glowing drain.
  1204 | Sewer    | Entered a sewer
  1372 | Sewer    | Reached skill level 3 in Invocations
  1572 | Sewer    | Gained mutation: You have hoof-like feet. [demonic
                  | ancestry]
  1572 | Sewer    | Reached XP level 6. HP: 48/48 MP: 8/8
  2057 | D:3      | Found a faded altar of an unknown god.
  2931 | D:2      | Noticed Natasha
  2936 | D:2      | Killed Natasha
  3158 | D:2      | Noticed Natasha
  3168 | D:2      | Killed Natasha
  3314 | D:2      | Noticed Natasha
  3322 | D:2      | Killed Natasha
  3323 | D:2      | Reached skill level 4 in Invocations
  3323 | D:2      | Reached XP level 7. HP: 41/55 MP: 8/10
  3587 | D:4      | Found a staircase to the Ecumenical Temple.
  3596 | Temple   | Entered the Ecumenical Temple
  4476 | D:5      | Entered Level 5 of the Dungeon
  4490 | D:5      | Reached skill level 5 in Fighting
  4498 | D:5      | Reached skill level 5 in Invocations
  4765 | D:5      | Gained mutation: Spells you cast may paralyse adjacent
                  | enemies. [demonic ancestry]
  4765 | D:5      | Reached XP level 8. HP: 62/62 MP: 11/11
  4768 | D:5      | Learned a level 1 spell: Magic Dart
  5209 | D:6      | Found a broken altar of Ashenzari.
  5626 | D:6      | Reached skill level 5 in Long Blades
  5626 | D:6      | Reached skill level 5 in Dodging
  5675 | D:6      | Reached skill level 1 in Conjurations
  5781 | D:6      | Reached skill level 1 in Shields
  5781 | D:6      | Reached skill level 1 in Spellcasting
  5829 | D:6      | Noticed a +0 short sword
  5830 | D:6      | Noticed a +0 dagger
  5830 | D:6      | Noticed a +0 spear
  5830 | D:6      | Noticed a +0 short sword
  5831 | D:6      | Noticed a +0 falchion
  5831 | D:6      | Noticed a +0 falchion
  5831 | D:6      | Noticed a +0 dagger
  5832 | D:6      | Noticed a +0 spear
  5909 | D:6      | Found a hide-covered altar of Uskayaw.
  6158 | D:6      | Reached skill level 6 in Invocations
  6528 | D:7      | Reached XP level 9. HP: 69/69 MP: 13/13
  6754 | D:7      | Found a blossoming altar of Fedhas.
  7592 | D:8      | Reached skill level 7 in Invocations
  7778 | D:8      | Found a shimmering altar of Xom.
  7964 | D:8      | Found a stormy altar of Qazlal.
  8063 | D:8      | Paralysed by a hornet for 3 turns
  8075 | D:8      | Paralysed by a hornet for 3 turns
  8088 | D:8      | Paralysed by a hornet for 1 turns
  8090 | D:8      | Reached XP level 10. HP: 17/77 MP: 15/15
  8358 | D:8      | Reached skill level 5 in Armour
  8660 | D:9      | Found a staircase to the Lair.
  8671 | D:9      | Noticed a two-headed ogre
  8677 | D:9      | Killed a two-headed ogre
  8784 | D:9      | Noticed Prince Ribbit
  8800 | D:9      | Killed Prince Ribbit
  8869 | D:9      | Noticed a two-headed ogre
  8873 | D:9      | Killed a two-headed ogre
  8924 | D:9      | Found a burning altar of Makhleb.
  8927 | D:9      | Became a worshipper of Makhleb the Destroyer
  8927 | D:9      | Reached * piety under Makhleb
  8927 | D:9      | Reached ** piety under Makhleb
  9021 | D:9      | Noticed a two-headed ogre
  9021 | D:9      | Noticed a centaur warrior
  9027 | D:9      | Killed a two-headed ogre
  9028 | D:9      | Reached skill level 8 in Invocations
  9058 | D:9      | Shot with an arrow by a centaur warrior

Illustrated notes

Levels and vault maps discovered:
D:1:      mainiacjoe_arrival_reflecting_pool, layout_loops_ring
D:2:      minmay_razor_zed, layout_basic, kennysheep_nondescript, uniq_natasha
D:3:      layout_rooms, gup_sewer_entry_glass,
          dreamdust_ecumenical_altar_drowned_temple, minivault_4
D:4:      minmay_octagon_keep, layout_cave_pools, minmay_temple_entry_poolview
D:5:      layout_rooms
D:6:      layout_basic, nicolae_uskayaw_en_pointe, ashenzari_conservatory_becter
D:7:      layout_basic, nicolae_overflow_crystal_walls
D:8:      layout_basic, mainiacjoe_overflow_alcove_4,
          mainiacjoe_overflow_big_doors
D:9:      minmay_the_grid_square_5x5_4x4 [minmay_the_grid_square_5x5_percent,
          minmay_the_grid_square_5x5_six,
          minmay_the_grid_square_5x5_broken_cross, minmay_the_grid_square_5x5_v,
          minmay_the_grid_square_5x5_fancy_junction,
          minmay_the_grid_square_5x5_prize_open,
          minmay_the_grid_square_5x5_prize_gold,
          minmay_the_grid_square_5x5_bite,
          minmay_the_grid_square_5x5_spiral_small,
          minmay_the_grid_square_5x5_prize_monsterx,
          minmay_the_grid_square_5x5_prize_pseudospiral,
          minmay_the_grid_square_5x5_bridge, minmay_the_grid_square_5x5_eight,
          minmay_the_grid_square_5x5_longway,
          minmay_the_grid_square_5x5_tetrominoes, minmay_the_grid_square_5x5_c],
          layout_stronghold, kennysheep_mini_moat, uniq_prince_ribbit1
Temple:   eino_temple_water

Skill      XL: |  1  2  3  4  5  6  7  8  9 10 |
---------------+-------------------------------+-----
Long Blades    | 3 4 5 6 |  6.6
Dodging        | 3 4 5 6 |  6.5
Invocations    | 1 2 3 4 5 6 7 8 |  8.1
Armour         | 1 2 3 4 5 |  5.7
Fighting       | 4 5 6 7 |  7.1
Conjurations   | 2 3 4 |  4.5
Shields        | 1 3 4 |  4.1
Spellcasting   | 1 3 4 |  4.0

Action                     |  1- 3 |  4- 6 |  7- 9 | 10-12 || total
---------------------------+-------+-------+-------+-------++-------
  Melee: Falchion          |    92 |   246 |    68 |       ||   406
         Kick              |       |    57 |    72 |    21 ||   150
         Punch             |       |     1 |       |       ||     1
         Dagger            |       |       |   105 |       ||   105
         Scimitar          |       |       |    12 |    56 ||    68
  Throw: Javelin           |       |       |    22 |       ||    22
   Cast: Magic Dart        |       |       |   109 |     7 ||   116
 Invoke: Minor Destruction |       |       |       |    10 ||    10
  Evoke: Wand              |       |       |     1 |       ||     1
    Use: Scroll            |     4 |     3 |    12 |     2 ||    21
         Potion            |       |       |     4 |     2 ||     6
   Stab: Paralysed         |       |       |    51 |     1 ||    52
         Sleeping          |       |       |       |     2 ||     2
 Armour: Robe              |    12 |       |       |       ||    12
         Ring mail         |    15 |   111 |    52 |       ||   178
         Steam dragon scal |       |       |    15 |    15 ||    30
  Dodge: Dodged            |    61 |   185 |   129 |    49 ||   424
  Block: Buckler           |       |       |    39 |    26 ||    65
